Map: Backwater LE

Players

IMxAnDe

  • Race: Zerg Zerg
  • League: Diamond
  • Spawn Location: 11:00

Adapt - Winner!

  • Race: Zerg Zerg
  • League: Diamond
  • Spawn Location: 5:00

VOD

Have the link to the VOD?

Description

+1 roach zvz build into roach hydra lurker infestor

Time

  • Played on: May 8, 2018, 1 a.m.
  • Length: 14:37
Show
View Real Time Build Order
Export as new Build Order

IMxAnDe Zerg 

Build Orders: Hatch First 

Get SALT Encoding   

  12  0:01  Drone  
  13  0:12  Overlord  
  13  0:17  Drone  
  14  0:30  Drone  
  15  0:42  Drone  
  16  0:46  Drone  
  17  0:55  Hatchery  
  16  1:10  Spawning Pool  
  16  1:11  Drone  
  16  1:17  Drone  
  17  1:18  Drone  
  17  1:21  Extractor  
  17  1:28  Drone  
  18  1:37  Drone  
  19  1:45  Overlord  
  19  1:57  Queen  
  19  2:01  Zergling x2  
  22  2:06  Queen  
  24  2:09  Drone  
  24  2:10  Zergling x2  
  26  2:22  Drone  
  27  2:24  Metabolic Boost  
  27  2:35  Drone x3  
  30  2:45  Baneling Nest  
  30  2:48  Drone x3  
  30  2:50  Overlord  
  32  3:01  Drone  
  32  3:02  Drone  
  34  3:09  Overlord  
  34  3:22  Hatchery  
  33  3:30  Drone x6  
  33  3:31  Drone  
  40  3:40  Evolution Chamber x2  
  38  3:45  Roach Warren  
  37  3:54  Zergling x10  
  41  4:12  Spine Crawler x2  
  41  4:14  Spine Crawler  
  41  4:16  Spine Crawler  
  37  4:21  Zerg Missile Weapons Level 1  
  37  4:22  Spine Crawler  
  36  4:26  Roach  
  36  4:27  Roach x2  
  41  4:37  Roach x2  
  41  4:38  Roach  
  42  4:40  Roach  
  44  4:47  Overlord  
  44  4:56  Roach  
  44  4:57  Roach x2  
  48  5:10  Roach x2  
  48  5:14  Drone x6  
  54  5:17  Extractor  
  57  5:23  Queen  
  59  5:34  Drone x2  
  59  5:35  Drone  
  62  5:36  Drone x2  
  62  5:37  Drone  
  62  5:38  Drone  
  66  5:47  Overlord x2  
  66  5:52  Lair  
  66  6:13  Drone x4  
  66  6:14  Drone x7  
  66  6:15  Drone  
  78  6:19  Extractor  
  77  6:28  Zerg Ground Armor Level 1  
  77  6:31  Overlord  
  77  6:32  Overlord x2  
  77  6:38  Drone x3  
  80  6:40  Extractor  
  80  6:42  Extractor  
  80  6:46  Drone  
  79  6:48  Hatchery  
  79  6:54  Roach x4  
  82  6:56  Roach  
  82  6:58  Roach  
  90  7:04  Zerg Missile Weapons Level 2  
  90  7:06  Overlord x2  
  90  7:23  Overlord x4  
  90  7:26  Drone x2  
  92  7:31  Ravager x2  
  92  7:32  Ravager x2  
  92  7:36  Drone x2  
  98  7:38  Overlord x2  
  98  7:39  Overlord x2  
  98  7:45  Drone x4  
  98  7:46  Drone  
  98  7:48  Drone  
  104  8:04  Roach x5  
  104  8:05  Roach x3  
  120  8:10  Glial Reconstitution  
  120  8:15  Drone  
  120  8:16  Overlord x3  
  120  8:18  Unknown  
  121  8:36  Hatchery  
  121  8:40  Roach x4  
  121  8:41  Roach x6  
  140  8:45  Ravager x3  
  140  8:46  Ravager x3  
  146  8:50  Overseer  
  146  8:51  Overseer  
  146  9:02  Hydralisk Den  
  145  9:09  Roach  
  147  9:10  Roach x5  
  157  9:29  Roach x7  
  157  9:30  Roach x4  
  170  9:41  Roach x4  
  170  9:42  Roach x2  
  182  9:52  Drone  
  183  9:55  Infestation Pit  
  182  10:00  Overseer  
  166  10:18  Roach  
  166  10:19  Roach x13  
  166  10:20  Roach  
  180  10:31  Overlord x3  
  180  10:36  Zerg Ground Armor Level 2  
  180  10:48  Overlord x2  
  180  10:49  Overlord x2  
  180  11:03  Overseer x3  
  176  11:06  Overseer  
  176  11:12  Extractor  
  176  11:13  Extractor  
  166  11:20  Roach x4  
  166  11:21  Roach x12  
  194  11:28  Roach  
  194  11:29  Roach x4  
  176  11:39  Roach  
  162  11:40  Roach x4  
  162  11:45  Roach x3  
  162  11:46  Roach  
  130  12:03  Roach  
  130  12:04  Roach x8  
  144  12:09  Hydralisk x2  
  144  12:14  Hydralisk  
  150  12:22  Hydralisk x2  
  142  12:27  Roach x3  
  152  12:42  Lurker Den  
  152  12:43  Ravager  
  136  12:56  Roach x7  
  142  13:02  Roach x3  
  144  13:10  Roach x4  
  144  13:11  Roach  
Show
View Real Time Build Order
Export as new Build Order

Adapt Zerg - Winner!

Build Orders: Hatch First, Lurkers 

Get SALT Encoding   

  12  0:09  Drone  
  12  0:12  Overlord  
  13  0:17  Drone  
  14  0:30  Drone  
  14  0:31  Drone  
  16  0:41  Drone  
  17  0:54  Hatchery  
  16  0:57  Drone  
  16  1:02  Drone  
  18  1:11  Extractor  
  18  1:17  Spawning Pool  
  16  1:20  Drone  
  16  1:24  Drone  
  18  1:38  Drone  
  19  1:49  Overlord  
  19  1:58  Drone  
  20  2:05  Evolution Chamber, Queen  
  20  2:07  Queen  
  23  2:09  Zergling x2  
  23  2:13  Zergling x2  
  25  2:18  Drone  
  25  2:21  Drone  
  27  2:29  Drone  
  28  2:31  Zerg Missile Weapons Level 1  
  28  2:34  Drone  
  29  2:53  Roach Warren  
  29  2:55  Drone x4  
  32  3:02  Overlord  
  32  3:06  Overlord  
  32  3:12  Overlord  
  32  3:33  Roach x6  
  44  3:40  Roach  
  46  3:44  Drone  
  46  3:45  Drone  
  48  3:50  Roach x2  
  52  4:02  Roach x2  
  56  4:06  Overlord x2  
  56  4:12  Extractor  
  54  4:21  Drone x3  
  54  4:23  Drone x3  
  59  4:25  Roach  
  61  4:34  Roach  
  63  4:42  Roach  
  65  4:49  Drone  
  65  4:50  Drone x4  
  70  4:59  Lair  
  68  5:01  Extractor, Queen  
  68  5:03  Extractor, Drone x2  
  70  5:07  Drone  
  71  5:20  Hatchery  
  70  5:21  Drone x3  
  73  5:31  Drone x2  
  73  5:33  Evolution Chamber  
  73  5:34  Drone  
  75  5:42  Drone  
  76  5:43  Overlord x4  
  76  6:05  Ravager x7  
  76  6:07  Roach x2  
  76  6:09  Drone  
  76  6:10  Drone x2  
  90  6:21  Hydralisk Den  
  90  6:22  Drone x5  
  94  6:28  Extractor  
  94  6:32  Extractor  
  92  6:33  Glial Reconstitution  
  92  6:38  Zerg Missile Weapons Level 2  
  92  6:39  Drone x3  
  95  6:41  Drone x3  
  95  6:42  Queen  
  100  6:54  Overlord x2  
  100  7:09  Zerg Ground Armor Level 1  
  100  7:12  Muscular Augments  
  100  7:13  Lurker Den  
  99  7:28  Drone  
  99  7:29  Drone x12  
  112  7:38  Infestation Pit  
  112  7:42  Hydralisk x4  
  112  7:43  Hydralisk  
  121  7:47  Overseer, Hatchery  
  120  7:55  Spore Crawler  
  120  7:56  Spore Crawler  
  120  7:58  Spore Crawler  
  117  8:09  Drone x11  
  117  8:10  Drone x2  
  130  8:22  Overlord x3  
  130  8:23  Grooved Spines  
  130  8:39  Hydralisk  
  130  8:40  Hydralisk x7  
  146  8:43  Overlord  
  146  8:44  Overlord x2  
  146  8:46  Pneumatized Carapace  
  146  9:02  Lurker x2  
  147  9:03  Lurker x3  
  147  9:07  Roach  
  147  9:08  Roach x10  
  173  9:28  Overlord x5  
  173  9:43  Hive  
  173  9:46  Pathogen Glands  
  173  9:47  Spire  
  173  9:50  Hydralisk x6  
  179  10:08  Hydralisk x4  
  179  10:09  Hydralisk x2  
  176  10:21  Zergling x2  
  176  10:22  Zergling x20  
  176  10:24  Metabolic Boost  
  187  10:37  Lurker x2  
  187  10:38  Lurker x2  
  191  10:43  Extractor x2  
  178  11:29  Infestor  
  178  11:30  Infestor x5  
  169  11:56  Lurker  
  169  11:57  Lurker x5  
  175  12:05  Zergling x2  
  175  12:06  Zergling x48  
  175  12:07  Zergling x2  
  198  12:16  Ultralisk Cavern  
  187  12:34  Viper  
  187  12:35  Viper x2  
  178  13:12  Roach  
  175  13:13  Roach x16  
  192  13:53  Roach x3  
  192  13:58  Hatchery  
  192  13:59  Extractor  
  192  14:00  Extractor  
Tags
 
Composition
Lurkers
Matchup
ZvZ
Race
Zerg
Spawn Locations
Cross Positions
Add a new tag
Caveats
  • Supply blocks, unpowered buildings, or Contaminate may cause inaccurate times.
  • Supply counts are checked every 10 seconds.